| TOP OF THE 1ST |
|
Portland Stag batting - Pitching for Spokane River Rats : RHP Rick Helling
|
|
Pitching: RHP Rick Helling
|
|
|
Batting: SHB Bret Barberie
|
0-0: Called Strike 0-1: Ground out 1-3 (Groundball, 13S, EV 68.1 MPH)
|
|
Batting: RHB Fernando Tatis
|
0-0: Ball 1-0: Called Strike 1-1: Ground out U3 (Groundball, 34, EV 103.8 MPH)
|
|
Batting: LHB Scott Stahoviak
|
0-0: Ball 1-0: Called Strike 1-1: Fly out, F9 (Flyball, 9LMF, EV 88.1 MPH)
|
| Top of the 1st over - 0 runs, 0 hits, 0 errors, 0 left on base; Portland 0 - Spokane 0 |
| BOTTOM OF THE 1ST |
|
Spokane River Rats batting - Pitching for Portland Stag : RHP Kerry Ligtenberg
|
|
Pitching: RHP Kerry Ligtenberg
|
|
|
Batting: LHB Andy Fox
|
0-0: Ball 1-0: Swinging Strike 1-1: Ball 2-1: Ball 3-1: Foul Ball, location: 2F 3-2: Foul Ball, location: 2F 3-2: Foul Ball, location: 2F 3-2: Fly out, F7 (Flyball, 7, EV 86.9 MPH)
|
|
Batting: LHB Michael Tucker
|
0-0: Called Strike 0-1: Ball 1-1: Called Strike 1-2: Ball 2-2: Fly out, F8 (Flyball, 78D, EV 106.9 MPH)
|
|
Batting: SHB Gene Kingsale
|
0-0: Ball 1-0: Ground out U3 (Groundball, 3S, EV 76.3 MPH)
|
| Bottom of the 1st over - 0 runs, 0 hits, 0 errors, 0 left on base; Portland 0 - Spokane 0 |
| TOP OF THE 2ND |
|
Portland Stag batting - Pitching for Spokane River Rats : RHP Rick Helling
|
|
Batting: RHB Jeff Kunkel
|
0-0: Ball 1-0: Ball 2-0: Foul Ball, location: 2F 2-1: Ball 3-1: Called Strike 3-2: Foul Ball, location: 2F 3-2: Strikes out swinging
|
|
Batting: RHB Wes Chamberlain
|
0-0: Ball 1-0: Called Strike 1-1: Ball 2-1: Ball 3-1: Foul Ball, location: 2F 3-2: Fly out, F9 (Flyball, 9D, EV 104.4 MPH)
|
|
Batting: RHB Chris Widger
|
0-0: Ball 1-0: SOLO HOME RUN (Flyball, 7D, EV 98.1 MPH), Distance : 369 ft
|
|
Batting: RHB Mike Macfarlane
|
0-0: Ball 1-0: Ball 2-0: Foul Ball, location: 2F 2-1: Fly out, F9 (Line Drive, 9, EV 95.6 MPH)
|
| Top of the 2nd over - 1 run, 1 hit, 0 errors, 0 left on base; Portland 1 - Spokane 0 |
| BOTTOM OF THE 2ND |
|
Spokane River Rats batting - Pitching for Portland Stag : RHP Kerry Ligtenberg
|
|
Batting: SHB Luis M. Lopez
|
0-0: Called Strike 0-1: Fly out, F8 (Flyball, 89M, EV 97.5 MPH)
|
|
Batting: RHB Tony Rodriguez
|
0-0: Ball 1-0: Called Strike 1-1: Ball 2-1: Swinging Strike 2-2: Strikes out swinging
|
|
Batting: RHB Jose Lind
|
0-0: Bunt for hit to 23 - play at first, batter OUT! 3-4
|
| Bottom of the 2nd over - 0 runs, 0 hits, 0 errors, 0 left on base; Portland 1 - Spokane 0 |
| TOP OF THE 3RD |
|
Portland Stag batting - Pitching for Spokane River Rats : RHP Rick Helling
|
|
Batting: LHB Yoshinobu Takahashi
|
0-0: Called Strike 0-1: SINGLE (Flyball, 7S, EV 88.1 MPH)
|
|
Batting: RHB Alex S Gonzalez
|
0-0: Ball 1-0: Ball 2-0: Foul Ball, location: 2F 2-1: Ball 3-1: Foul Ball, location: 2F 3-2: Fly out, F7 (Flyball, 7S, EV 82.5 MPH)
|
|
Batting: SHB Bret Barberie
|
0-0: Ball 1-0: Reached on error, E4 (Groundball, 34, EV 86.9 MPH) Yoshinobu Takahashi to second
|
|
Batting: RHB Fernando Tatis
|
0-0: Called Strike 0-1: Called Strike 0-2: Fly out, F7 (Line Drive, 7D, EV 86.9 MPH) Runner from 2nd tags up, SAFE at 3rd with throw by LF
|
|
Batting: LHB Scott Stahoviak
|
0-0: Fly out, F9 (Flyball, 9LS, EV 84.4 MPH)
|
| Top of the 3rd over - 0 runs, 1 hit, 1 error, 2 left on base; Portland 1 - Spokane 0 |
| BOTTOM OF THE 3RD |
|
Spokane River Rats batting - Pitching for Portland Stag : RHP Kerry Ligtenberg
|
|
Batting: LHB Eric Helfand
|
0-0: Bunt for hit to 2R - play at first, batter safe!
|
|
Batting: LHB Jay Hood
|
0-0: Foul Ball, location: 2F 0-1: Ball 1-1: Ball 2-1: Foul Ball, location: 2F 2-2: Fielders Choice at 2nd, 3-6 (Groundball, 3, EV 83.8 MPH)
|
|
Batting: SHB Doug Brady
|
0-0: SINGLE (Groundball, 23, EV 71.9 MPH) (infield hit) Jay Hood to second
|
|
Batting: LHB Andy Fox
|
0-0: Ball 1-0: Called Strike 1-1: Fielders Choice at 2nd, 2-4 (Groundball, 15S, EV 65.6 MPH) Jay Hood to third
|
|
Batting: LHB Michael Tucker
|
0-0: Ball 1-0: Ball 2-0: Ball 3-0: Called Strike 3-1: Foul Ball, location: 2F 3-2: Fly out, F9 (Flyball, 8RS, EV 91.3 MPH)
|
| Bottom of the 3rd over - 0 runs, 2 hits, 0 errors, 2 left on base; Portland 1 - Spokane 0 |
| TOP OF THE 4TH |
|
Portland Stag batting - Pitching for Spokane River Rats : RHP Rick Helling
|
|
Batting: RHB Jeff Kunkel
|
0-0: Called Strike 0-1: Ball 1-1: Called Strike 1-2: Ball 2-2: Strikes out looking
|
|
Batting: RHB Wes Chamberlain
|
0-0: Single, Error in OF, E7, batter to second base (Line Drive, 5L, EV 98.1 MPH)
|
|
Batting: RHB Chris Widger
|
0-0: Ball 1-0: Ball 2-0: Ball 3-0: Called Strike 3-1: Called Strike 3-2: Fly out, F7 (Line Drive, 7, EV 94.4 MPH)
|
|
Batting: RHB Mike Macfarlane
|
0-0: Called Strike 0-1: Swinging Strike 0-2: Ball 1-2: Ball 2-2: Strikes out swinging
|
| Top of the 4th over - 0 runs, 1 hit, 1 error, 1 left on base; Portland 1 - Spokane 0 |
| BOTTOM OF THE 4TH |
|
Spokane River Rats batting - Pitching for Portland Stag : RHP Kerry Ligtenberg
|
|
Batting: SHB Gene Kingsale
|
0-0: Ball 1-0: Called Strike 1-1: Foul Ball, location: 2F 1-2: Ball 2-2: Fly out, F8 (Line Drive, 8RM, EV 98.1 MPH)
|
|
Batting: SHB Luis M. Lopez
|
0-0: Foul Ball, location: 2F 0-1: Reached on error, E1 (Groundball, 15S, EV 66.3 MPH)
|
|
Batting: RHB Tony Rodriguez
|
0-0: Called Strike 0-1: Called Strike 0-2: Strikes out looking
|
|
Batting: RHB Jose Lind
|
0-0: Ball 1-0: Ball 2-0: Foul Ball, location: 2F 2-1: Ground out 4-3 (Groundball, 34, EV 75.6 MPH)
|
| Bottom of the 4th over - 0 runs, 0 hits, 1 error, 1 left on base; Portland 1 - Spokane 0 |
| TOP OF THE 5TH |
|
Portland Stag batting - Pitching for Spokane River Rats : RHP Rick Helling
|
|
Batting: LHB Yoshinobu Takahashi
|
0-0: Called Strike 0-1: Ball 1-1: SINGLE (Line Drive, 5D, EV 95.0 MPH)
|
|
Batting: RHB Alex S Gonzalez
|
0-0: Swinging Strike 0-1: Ball 1-1: Sac Bunt to 3S - play at first, batter OUT! 3-1 Yoshinobu Takahashi to second
|
|
Batting: SHB Bret Barberie
|
0-0: Fly out, F7 (Line Drive, 7, EV 83.8 MPH)
|
|
Batting: RHB Fernando Tatis
|
0-0: Called Strike 0-1: Ball 1-1: Ball 2-1: Ball 3-1: Fly out, F7 (Flyball, 78S, EV 83.1 MPH)
|
| Top of the 5th over - 0 runs, 1 hit, 0 errors, 1 left on base; Portland 1 - Spokane 0 |
| BOTTOM OF THE 5TH |
|
Spokane River Rats batting - Pitching for Portland Stag : RHP Kerry Ligtenberg
|
|
Batting: LHB Eric Helfand
|
0-0: Ball 1-0: Ball 2-0: Ball 3-0: Base on Balls
|
|
Batting: LHB Jay Hood
|
0-0: Ball 1-0: Bunted foul 1-1: Sac Bunt to P - play at first, batter OUT! 1-4 Eric Helfand to second
|
|
Batting: SHB Doug Brady
|
0-0: Foul Ball, location: 2F 0-1: Called Strike 0-2: Ball 1-2: Ball Passed Ball! Eric Helfand to third 2-2: Strikes out swinging
|
|
Batting: LHB Andy Fox
|
0-0: Foul Ball, location: 2F 0-1: Fly out, F5 (Popup, 5F, EV 71.3 MPH)
|
| Bottom of the 5th over - 0 runs, 0 hits, 0 errors, 1 left on base; Portland 1 - Spokane 0 |
| TOP OF THE 6TH |
|
Portland Stag batting - Pitching for Spokane River Rats : RHP Rick Helling
|
|
Batting: LHB Scott Stahoviak
|
0-0: Ball 1-0: Foul Ball, location: 2F 1-1: SINGLE (Line Drive, 8RS, EV 100.0 MPH)
|
|
Batting: RHB Jeff Kunkel
|
0-0: Ball 1-0: Called Strike 1-1: Ball 2-1: Fielders Choice at 2nd, 6-4 (Groundball, 6, EV 97.5 MPH)
|
|
Batting: RHB Wes Chamberlain
|
0-0: Ball 1-0: Foul Ball, location: 2F 1-1: Swinging Strike 1-2: Ball 2-2: Fielders Choice at 2nd, 1-6 (Groundball, 34S, EV 84.4 MPH)
|
|
Batting: RHB Chris Widger
|
0-0: Ball 1-0: Fly out, F8 (Flyball, 89XD, EV 97.5 MPH)
|
| Top of the 6th over - 0 runs, 1 hit, 0 errors, 1 left on base; Portland 1 - Spokane 0 |
| BOTTOM OF THE 6TH |
|
Spokane River Rats batting - Pitching for Portland Stag : RHP Kerry Ligtenberg
|
|
Pitching: RHP Gary Haught
|
|
|
Batting: LHB Michael Tucker
|
0-0: Ball 1-0: Ball 2-0: Foul Ball, location: 2F 2-1: Foul Ball, location: 2F 2-2: Ball 3-2: Strikes out swinging
|
|
Batting: SHB Gene Kingsale
|
0-0: Ball 1-0: Ball 2-0: Ball 3-0: Base on Balls
|
|
Batting: SHB Luis M. Lopez
|
0-0: Called Strike 0-1: Ball 1-1: Ball 2-1: Fly out, F7 (Line Drive, 7, EV 96.9 MPH)
|
|
Batting: RHB Tony Rodriguez
|
0-0: Ball Gene Kingsale steals 2nd base 1-0: Foul Ball, location: 2F 1-1: Swinging Strike 1-2: Ball 2-2: Ball 3-2: Base on Balls
|
|
Batting: RHB Jose Lind
|
0-0: Ball 1-0: Swinging Strike 1-1: Swinging Strike 1-2: Foul Ball, location: 2F 1-2: Foul Ball, location: 2F 1-2: Ground out 3-1 (Groundball, 34, EV 81.3 MPH)
|
| Bottom of the 6th over - 0 runs, 0 hits, 0 errors, 2 left on base; Portland 1 - Spokane 0 |
| TOP OF THE 7TH |
|
Portland Stag batting - Pitching for Spokane River Rats : RHP Rick Helling
|
|
Batting: RHB Mike Macfarlane
|
0-0: Called Strike 0-1: Foul Ball, location: 2F 0-2: Ball 1-2: Strikes out looking
|
|
Batting: LHB Yoshinobu Takahashi
|
0-0: Ball 1-0: Ball 2-0: Swinging Strike 2-1: Foul Ball, location: 2F 2-2: Ball 3-2: Base on Balls
|
|
Batting: RHB Alex S Gonzalez
|
0-0: Ball 1-0: Called Strike 1-1: Ball 2-1: Foul Ball, location: 2F 2-2: Strikes out looking
|
|
Batting: SHB Bret Barberie
|
0-0: Ball 1-0: SINGLE (Groundball, 4S, EV 70.0 MPH) (infield hit) Yoshinobu Takahashi to second
|
|
Batting: RHB Fernando Tatis
|
0-0: Called Strike 0-1: Ball 1-1: Fielders Choice at 2nd, U4 (Groundball, 4M, EV 84.4 MPH)
|
| Top of the 7th over - 0 runs, 1 hit, 0 errors, 2 left on base; Portland 1 - Spokane 0 |
| BOTTOM OF THE 7TH |
|
Spokane River Rats batting - Pitching for Portland Stag : RHP Gary Haught
|
|
Batting: LHB Eric Helfand
|
0-0: Ball 1-0: Called Strike 1-1: Fly out, F3 (Popup, 34, EV 55.6 MPH)
|
|
Batting: LHB Jay Hood
|
0-0: SOLO HOME RUN (Flyball, 89XD, EV 106.3 MPH), Distance : 401 ft
|
|
Batting: SHB Doug Brady
|
0-0: Called Strike 0-1: Foul Ball, location: 2F 0-2: Ball 1-2: Fly out, F8 (Line Drive, 8LM, EV 106.3 MPH)
|
|
Pitching: RHP Carlos Castillo
|
|
|
Batting: LHB Andy Fox
|
0-0: Ball 1-0: Ball 2-0: Ball 3-0: Called Strike 3-1: SINGLE (Line Drive, 3D, EV 105.6 MPH)
|
|
Batting: LHB Michael Tucker
|
0-0: Ball 1-0: Fly out, F8 (Flyball, 8RS, EV 80.0 MPH)
|
| Bottom of the 7th over - 1 run, 2 hits, 0 errors, 1 left on base; Portland 1 - Spokane 1 |
| TOP OF THE 8TH |
|
Portland Stag batting - Pitching for Spokane River Rats : RHP Rick Helling
|
|
Batting: LHB Scott Stahoviak
|
0-0: Called Strike 0-1: Fly out, F8 (Line Drive, 8RD, EV 86.3 MPH)
|
|
Batting: RHB Jeff Kunkel
|
0-0: Ball 1-0: Called Strike 1-1: Ball 2-1: Ground out 3-1 (Groundball, 34, EV 83.8 MPH)
|
|
Batting: RHB Wes Chamberlain
|
0-0: Swinging Strike 0-1: Ground out 3-1 (Groundball, 34, EV 103.8 MPH)
|
| Top of the 8th over - 0 runs, 0 hits, 0 errors, 0 left on base; Portland 1 - Spokane 1 |
| BOTTOM OF THE 8TH |
|
Spokane River Rats batting - Pitching for Portland Stag : RHP Carlos Castillo
|
|
Batting: SHB Gene Kingsale
|
0-0: Called Strike 0-1: Foul Ball, location: 2F 0-2: SOLO HOME RUN (Flyball, 9LD, EV 96.9 MPH), Distance : 324 ft
|
|
Batting: SHB Luis M. Lopez
|
0-0: Foul Ball, location: 2F 0-1: Ball 1-1: Ball 2-1: Ball 3-1: Fly out, F8 (Flyball, 8RD, EV 99.4 MPH)
|
|
Batting: RHB Tony Rodriguez
|
0-0: Called Strike 0-1: SOLO HOME RUN (Flyball, 7D, EV 106.3 MPH), Distance : 357 ft
|
|
Batting: RHB Jose Lind
|
0-0: Fly out, F8 (Line Drive, 8RM, EV 95.0 MPH)
|
|
Batting: LHB Eric Helfand
|
0-0: Fly out, F5 (Popup, 5F, EV 75.0 MPH)
|
| Bottom of the 8th over - 2 runs, 2 hits, 0 errors, 0 left on base; Portland 1 - Spokane 3 |
| TOP OF THE 9TH |
|
Portland Stag batting - Pitching for Spokane River Rats : RHP Rick Helling
|
|
Pitching: LHP Matt Whisenant
|
|
|
Batting: RHB Chris Widger
|
0-0: Fly out, F7 (Flyball, 78M, EV 93.1 MPH)
|
|
Batting: RHB Mike Macfarlane
|
0-0: Ball 1-0: Swinging Strike 1-1: Fly out, F9 (Flyball, 9S, EV 95.6 MPH)
|
|
Batting: LHB Yoshinobu Takahashi
|
0-0: Ball 1-0: Called Strike 1-1: Ball 2-1: Ball 3-1: Foul Ball, location: 2F 3-2: SINGLE (Groundball, 6MD, EV 101.9 MPH)
|
|
Batting: RHB Alex S Gonzalez
|
0-0: Called Strike 0-1: Ball 1-1: Ball 2-1: Ball 3-1: Ground out 1-3 (Groundball, 15S, EV 62.5 MPH)
|
| Top of the 9th over - 0 runs, 1 hit, 0 errors, 1 left on base; Portland 1 - Spokane 3 |
|